 Dungeon Crawl Stone Soup version 0.17.0-73-gb648821 (webtiles) character file.

1614 tof the Ducker (level 9, -6/68 HPs)
             Began as a Human Berserker on Dec 10, 2015.
             Was a Follower of Makhleb.
             Mangled by a polar bear (13 damage)
             ... created by the rage of Trog
             ... on level 6 of the Dungeon.
             The game lasted 00:42:22 (6831 turns).

tof the Ducker (Human Berserker)                    Turns: 6831, Time: 00:42:22

Health: -6/68      AC: 13    Str: 18    XL:     9   Next: 16%
Magic:  8/8        EV: 18    Int:  9    God:    Makhleb [*.....]
Gold:   253        SH:  9    Dex: 21    Spells: 0 memorised, 8 levels left

rFire  . . .     SeeInvis .     d - +2 short sword (vamp)
rCold  . . .     Rnd*Rage +     f - +2 ring mail {rN+}
rNeg   + . .     SustAt   +     t - +0 shield
rPois  .         Gourm    .     k - +2 helmet
rElec  .         Spirit   .     (no cloak)
rCorr  .         Warding  .     m - +1 pair of gloves
rMut   .         Stasis   .     (no boots)
MR     +....                    (no amulet)
Stlth  ++++......               u - ring of stealth
                                e - ring of sustain attributes

@: agile, very slightly contaminated, somewhat resistant to hostile
enchantments, stealthy
A: talons 1, berserk 1, clever 1, low mp 1, magic resistance 1
a: Renounce Religion


You were on level 6 of the Dungeon.
You worshipped Makhleb.
Makhleb was aware of your devotion.
You were very hungry.

You visited 2 branches of the dungeon, and saw 7 of its levels.
You also visited: Ossuary.

You collected 253 gold pieces.

Inventory:

Hand Weapons
 a - a +0 falchion
 d - a +2 vampiric short sword (weapon)
Armour
 f - a +2 ring mail of positive energy (worn)
 k - a +2 helmet (worn)
 m - a +1 pair of gloves (worn)
 o - a +0 chain mail
 t - a +0 shield (worn)
Jewellery
 e - a ring of sustain attributes (left hand)
 u - a ring of stealth (right hand)
Scrolls
 b - 2 scrolls of identify
 c - a scroll of magic mapping
 h - 3 scrolls of remove curse
 i - 6 scrolls of teleportation
 l - a scroll of fog
 p - a scroll of recharging
 s - 4 scrolls of blinking
Potions
 g - a potion of ambrosia
 j - 3 potions of curing
 r - 2 potions of haste
 w - a potion of invisibility
Comestibles
 x - a bread ration


   Skills:
 + Level 5.1 Fighting
 + Level 2.4(4.4) Short Blades
 + Level 5.8(6.0) Long Blades
 + Level 5.3 Armour
 + Level 6.2 Dodging
 + Level 2.3 Stealth
 + Level 1.9 Shields


You had 8 spell levels left.
You didn't know any spells.

Dungeon Overview and Level Annotations

Branches:
Dungeon (6/15)             Temple (1/1) D:5

Altars:
Ashenzari
Dithmenos
Gozag
Kikubaaqudgha
Makhleb
Nemelex Xobeh
Qazlal
Vehumet
Yredelemnul
The Shining One

Shops:
D:4 [   D:5 [


Innate Abilities, Weirdness & Mutations

You have sharp toenails.
You tend to lose your temper in combat.
Your mind is acute. (Int +2)
Your magical capacity is low (-10% MP).
You are resistant to hostile enchantments.


Message History

The polar bear claws you but does no damage. x2
Unknown command.
Drink which item? (? for menu, Esc to quit)
You feel much better. The polar bear bites you!
The polar bear claws you but does no damage.
The polar bear barely misses you. The polar bear bites you!
* * * LOW HITPOINT WARNING * * *
You block the polar bear's attack.
The polar bear claws you but does no damage.
Drink which item? (? for menu, Esc to quit)
You feel much better. The polar bear barely misses you.
The polar bear claws you.
The polar bear claws you but does no damage.
Drink which item? (? for menu, Esc to quit)
You feel agile all of a sudden. The polar bear bites you!!
* * * LOW HITPOINT WARNING * * *
The polar bear barely misses you. You block the polar bear's attack.
The polar bear bites you!
You die...

.####.###.### #.# #.##... ##
#...)...# #.# ..... #
#####.#.###.# #.###.. #....##.#
#....<. #.......# ######. #
#.....##### #### ##+ ##
#.....##.. ..# ##.. .##
###...###.# #.# ##... ..##
##.##.## #@# #.## ##....
...####...#.####h# #..####.....
...'........h.h..# #.....'.....
...####......###.#####..####.....
..## ##.......#.......## ##....
.## #.##..#.#####.### ##... ##
#.#...#.# #.# ##.[ # #.#.#.#.#
###.#### #####' # #.......#
#......# ##.###.


You could see a polar bear (berserk).

Vanquished Creatures
  A polar bear (D:6)
  A wraith (Ossuary)
  An ice beast (D:6)
  2 phantoms
  A sky beast (D:5)
  3 centaurs
  2 ogres (D:4)
  Blork the orc (D:6)
  A giant frog (D:6)
  A quasit (D:6)
  3 hounds
  A centaur zombie (D:6)
  2 giant frog skeletons (D:5)
  A gnoll shaman (D:4)
  An orc wizard (D:4)
  2 iguanas
  A mummy (Ossuary)
  11 adders
  4 gnolls
  A shadow imp (D:5)
  5 worms
  An adder skeleton (D:4)
  5 giant geckos
  9 orcs
  A ball python (D:2)
  6 bats
  4 giant cockroaches
  4 goblins
  8 hobgoblins
  4 jackals
  4 quokkas
  A giant gecko skeleton (D:4)
  A giant gecko zombie (D:5)
  8 giant newts
  8 gnoll skeletons (Ossuary)
  A goblin zombie (D:4)
  9 kobolds
  2 kobold skeletons (Ossuary)
  15 orc skeletons (Ossuary)
  A quokka skeleton (D:4)
  A quokka zombie (D:4)
  5 rats
144 creatures vanquished.

Notes
Turn   | Place    | Note
--------------------------------------------------------------
     0 | D:1      | tof the Human Berserker began the quest for the Orb.
     0 | D:1      | Reached XP level 1. HP: 18/18 MP: 1/1
   359 | D:1      | Reached XP level 2. HP: 22/24 MP: 2/2
   668 | D:1      | Reached XP level 3. HP: 20/29 MP: 3/3
  1476 | D:2      | Reached ** piety under Trog
  1684 | D:2      | Reached XP level 4. HP: 26/35 MP: 4/4
  2526 | D:2      | Reached skill level 1 in Stealth
  2526 | D:2      | Reached XP level 5. HP: 31/41 MP: 5/5
  3207 | D:3      | Reached *** piety under Trog
  3485 | D:4      | Reached skill level 4 in Long Blades
  3506 | D:4      | Noticed an ogre
  3514 | D:4      | Killed an ogre
  3514 | D:4      | Reached XP level 6. HP: 40/48 MP: 6/6
  3565 | D:4      | Found Mauckaq's Armour Emporium.
  3870 | D:4      | Found a sand-covered staircase.
  3881 | Ossuary  | Entered an ossuary
  3881 | Ossuary  | Noticed a wraith
  3881 | Ossuary  | Noticed a wraith
  3881 | Ossuary  | Noticed a wraith
  3918 | Ossuary  | Reached XP level 7. HP: 53/53 MP: 7/7
  4043 | Ossuary  | Noticed a wraith
  4067 | Ossuary  | Killed a wraith
  4067 | Ossuary  | Reached skill level 5 in Long Blades
  4395 | D:4      | Noticed an ogre
  4413 | D:4      | Killed an ogre
  4698 | D:4      | Reached XP level 8. HP: 59/61 MP: 8/8
  4768 | D:5      | Entered Level 5 of the Dungeon
  5012 | D:5      | Reached skill level 5 in Dodging
  5232 | D:5      | Found a staircase to the Ecumenical Temple.
  5259 | Temple   | Entered the Ecumenical Temple
  5273 | Temple   | Fell from the grace of Trog
  5273 | Temple   | Became a worshipper of Makhleb the Destroyer
  5340 | D:5      | Found Lextoagg's Armour Emporium.
  5432 | D:5      | Reached skill level 1 in Short Blades
  5436 | D:5      | Gained mutation: Your magical capacity is low (-10% MP). [mutagenic meat]
  5616 | D:5      | Gained mutation: You are resistant to hostile enchantments. [mutagenic meat]
  5617 | D:5      | Gained mutation: You have sharp toenails. [mutagenic meat]
  5619 | D:5      | Gained mutation: You tend to lose your temper in combat. [mutagenic meat]
  5620 | D:5      | Gained mutation: Your mind is acute. (Int +2) [mutagenic meat]
  6052 | D:6      | Reached skill level 5 in Armour
  6064 | D:6      | Got a translucent scale mail
  6390 | D:6      | Found a shattered altar of Ashenzari.
  6407 | D:6      | Reached XP level 9. HP: 64/67 MP: 8/8
  6501 | D:6      | Reached skill level 6 in Dodging
  6501 | D:6      | Reached skill level 1 in Shields
  6610 | D:6      | Noticed Blork the orc
  6629 | D:6      | Killed Blork the orc
  6629 | D:6      | Reached skill level 5 in Fighting
  6653 | D:6      | Reached * piety under Makhleb
  6752 | D:6      | Noticed a polar bear
  6752 | D:6      | Noticed a polar bear
  6752 | D:6      | Noticed a polar bear
  6752 | D:6      | Noticed a polar bear
  6798 | D:6      | Killed a polar bear
  6831 | D:6      | Mangled by a polar bear

Action                   |  1- 3 |  4- 6 |  7- 9 || total
-------------------------+-------+-------+-------++-------
Melee: Falchion          |    92 |   234 |   161 ||   487
       Short sword       |       |       |   286 ||   286
Invok: Berserk           |       |     3 |     2 ||     5
  Use: Scroll            |     6 |     3 |     9 ||    18
       Potion            |     4 |     2 |     8 ||    14
 Stab: Sleeping          |       |       |     4 ||     4
  Eat: Chunk             |     1 |     6 |    10 ||    17
       Bread ration      |     1 |       |     2 ||     3
       Meat ration       |       |       |     1 ||     1
       Pizza             |       |       |     1 ||     1
